 Dungeon Crawl Stone Soup version 0.30-a0-949-g53dc5368d7 (webtiles) character file.

Game seed: 11456715066254657089

5548 lunkers the Geomancer (level 11, -2/91 HPs)
             Began as a Meteoran Earth Elementalist on Mar 28, 2023.
             Was an Initiate of Gozag.
             Slain by an orc warlord
             ... wielding a +4 broad axe
              (8 damage)
             ... in a bailey.
             The game lasted 00:13:34 (3020 turns).

lunkers the Geomancer (Meteoran Earth Elementalist) Turns: 3020, Time: 00:13:35

Health: -2/91      AC: 10    Str: 10    XL:     11   Next: 21%
Magic:  6/23       EV: 13    Int: 24    God:    Gozag
Gold:   1268       SH: 12    Dex: 20    Spells: 15/25 levels left

rFire   + . .      SeeInvis .    a - +6 flail (freeze)
rCold   . . .      Faith    .    u - +2 kite shield
rNeg    . . .      Spirit   .    v - +3 leather armour of an ossuary {Regen+ Int+2}
rPois   .          Reflect  .    (no helmet)
rElec   .          Rampage  .    y - +1 cloak {Stlth+}
rCorr   .                        q - +1 pair of gloves
Will    +....                    (no boots)
Stlth   +                        t - amulet of magic regeneration
HPRegen 1.15/turn                e - ring of protection from fire
MPRegen 0.58/turn                D - +6 ring of dexterity

@: glowing
A: sense surroundings 2, otherworldly, glowing, explore regen
a: Renounce Religion, Potion Petition, Call Merchant, Bribe Branch


You were in a bailey.
You worshipped Gozag.
Gozag was most pleased with you.
You visited 1 branch of the dungeon, and saw 9 of its levels.
You also visited: Bailey.

You collected 1303 gold pieces.
You paid 35 gold pieces to Gozag.

Inventory:

Hand Weapons
 a - a +6 flail of freezing (weapon)
 C - a +4 vampiric flail
 E - a +5 scimitar of freezing
Missiles
 p - 2 boomerangs
Armour
 q - a +1 pair of gloves (worn)
 u - a +2 kite shield (worn)
 v - the +3 leather armour of an ossuary (worn) {Regen+ Int+2}
   (You found it on level 5 of the Dungeon)

   Int:       It affects your intelligence (+2).
   Regen:     It increases your rate of health regeneration.
 y - a +1 cloak of stealth (worn)
Jewellery
 e - a ring of protection from fire (left hand)
 t - an amulet of magic regeneration (around neck)
 D - a +6 ring of dexterity (right hand)
Wands
 w - a wand of flame (15)
Scrolls
 f - a scroll of silence
 k - 3 scrolls of blinking
 m - a scroll of magic mapping
 o - a scroll of teleportation {unknown}
 s - a scroll of butterflies {unknown}
 A - a scroll of enchant weapon
Potions
 b - a potion of magic
 c - a potion of degeneration {unknown}
 d - a potion of resistance {unknown}
 g - a potion of flight
 h - 4 potions of mutation
 i - 3 potions of heal wounds
 j - 2 potions of invisibility {unknown}
 l - 2 potions of might {unknown}
 n - 3 potions of curing
 r - 2 potions of haste {unknown}
 x - a potion of cancellation {unknown}
 z - a potion of brilliance {unknown}
 F - a potion of attraction {unknown}


   Skills:
 + Level 6.6 Fighting
 * Level 9.1 Maces & Flails
 + Level 6.4 Dodging
 - Level 1.4 Stealth
 * Level 3.1 Shields
 - Level 7.8 Spellcasting
 - Level 4.0 Conjurations
 - Level 1.2 Transmutations
 - Level 10.9 Earth Magic


You had 15 spell levels left.
You knew the following spells:

 Your Spells              Type           Power      Damage    Failure   Level
a - Sandblast             Erth           100%       2d20      1%          1
b - Passwall              Tmut/Erth      31%        N/A       3%          2
c - Stone Arrow           Conj/Erth      90%        3d12      3%          3
d - Petrify               Tmut/Erth      38%        N/A       22%         4

Your spell library contained the following spells:

 Spells                   Type           Power      Damage    Failure   Level
 Portal Projectile        Hex/Tloc       18%        N/A       63%         3
 Tukima's Dance           Hex            9%         N/A       63%         3
 Passage of Golubria      Tloc           9%         N/A       95%         4
 Blade Hands              Tmut           7%         N/A       99%         5
 Silence                  Hex/Air        4%         N/A       100%        5
 Lehudib's Crystal Spear  Conj/Erth      22%        10d6      100%        8


Dungeon Overview and Level Annotations

Branches:
Dungeon (9/15) Zot: 2468   Temple (0/1) D:6            Lair (0/5) D:8
 Bailey (1/1) Zot: 394
    Orc: D:9-12

Altars:
Dithmenos
Gozag
Kikubaaqudgha
Nemelex Xobeh
Ru
Vehumet

Shops:
D:1 ?   D:3 *

Annotations:
D:6 exclusion: statue


Innate Abilities, Weirdness & Mutations

You passively map the area around you.
You are easily found by Zot.
You glow in the dark.
You regain HP and MP as you explore.


Message History

Aiming: Stone Arrow (mildly dangerous; 3% risk of failure)
Press: ? - help, Shift-Dir - straight line, f/p - orc warlord
Aim: an orc warlord, wielding a +4 broad axe and wearing a +0 chain mail (severely wounded, 82% to hit)
The stone arrow hits the orc warlord.
The orc warlord is severely wounded.
The orc warlord hits you with a +4 broad axe!!
* * * LOW HITPOINT WARNING * * *
You block the goblin's attack.
Unknown command.
Casting: Stone Arrow (mildly dangerous; 3% risk of failure)
Confirm with . or Enter, or press ? or * to list all spells.
Aiming: Stone Arrow (mildly dangerous; 3% risk of failure)
Press: ? - help, Shift-Dir - straight line, f/p - orc warlord
Aim: an orc warlord, wielding a +4 broad axe and wearing a +0 chain mail (severely wounded, 82% to hit)
The stone arrow misses the orc warlord.
The orc warlord hits you with a +4 broad axe!!
* * * LOW HITPOINT WARNING * * *
You block the goblin's attack.
Unknown command.
Casting: Stone Arrow (mildly dangerous; 3% risk of failure)
Confirm with . or Enter, or press ? or * to list all spells.
Aiming: Stone Arrow (mildly dangerous; 3% risk of failure)
Press: ? - help, Shift-Dir - straight line, f/p - orc warlord
Aim: an orc warlord, wielding a +4 broad axe and wearing a +0 chain mail (severely wounded, 82% to hit)
The stone arrow hits the orc warlord!!
The orc warlord is almost dead.
The orc warlord hits you with a +4 broad axe!
* * * LOW HITPOINT WARNING * * *
You block the goblin's attack.
Unknown command.
Casting: Stone Arrow (mildly dangerous; 3% risk of failure)
Confirm with . or Enter, or press ? or * to list all spells.
Aiming: Stone Arrow (mildly dangerous; 3% risk of failure)
Press: ? - help, Shift-Dir - straight line, f/p - orc warlord
Aim: an orc warlord, wielding a +4 broad axe and wearing a +0 chain mail (almost dead, 82% to hit)
The stone arrow hits the orc warlord!
The orc warlord is almost dead.
The orc warlord hits you with a +4 broad axe!
You die...
Your body crumbles into a pile of gold.

##.....##.......##...
##.......##~~~~~##...8
##..8..8...#~~~~~#.....
#.........(#~~~~~#.(...
#.........))))...'....8
#...8.)....#########...
##....).####~~ #~~~##..
##.)..)#~~#~.,...}~#.(
##).@.#~........!g#..
#.go##~8.8...8.8##..
#...'~~........o#...
#...'~~....∩....#..(
#...'~~.........#...
#...##~8.8...8.8##..
##....#~........?~#..
##.....#~~#~. ...)~#..
##......####~~ #~~~##..


You could see an orc warlord and a goblin.

Vanquished Creatures
  2 two-headed ogres (D:9)
  A hornet (D:9)
  A wraith (D:9)
  A wyvern (D:7)
  5 yaks (D:8)
  Eustachio (D:4)
  A water moccasin (D:6)
  5 orc warriors
  2 ice beasts
  3 black bears
  2 sky beasts (D:8)
  3 ogres
  A centaur (D:9)
  2 phantoms
  A kobold brigand (D:8)
  2 bullfrogs (D:6)
  12 wights
  A howler monkey (D:7)
  A centaur zombie (D:5)
  3 hounds
  A jelly (D:7)
  2 orc priests
  2 iguanas
  A sleepcap (D:7)
  2 orc wizards
  4 gnolls
  7 adders
  A white imp (D:5)
  2 ufetubi (D:6)
  A worm (D:4)
  A dart slug (D:3)
  10 orcs
  3 bats
  7 endoplasms
  10 goblins
  6 hobgoblins
  6 quokkas
  2 ball pythons
  A frilled lizard (D:5)
  18 kobolds
  5 rats
142 creatures vanquished.

Vanquished Creatures (others)
  A gnoll sergeant (D:5)
  2 gnolls (D:5)
3 creatures vanquished.

Grand Total: 145 creatures vanquished

Notes
Turn   | Place    | Note
-------+----------+-------------------------------------------
     0 | D:1      | lunkers the Meteoran Earth Elementalist began the quest for
                  | the Orb.
     0 | D:1      | Reached XP level 1. HP: 14/14 MP: 5/5
   186 | D:1      | Found Edyoxkob's Magic Scroll Boutique.
   294 | D:1      | Reached XP level 2. HP: 20/20 MP: 2/6
   360 | D:1      | Reached skill level 4 in Earth Magic
   426 | D:2      | Reached XP level 3. HP: 10/26 MP: 4/8
   529 | D:2      | Reached XP level 4. HP: 33/33 MP: 8/10
   532 | D:2      | Reached skill level 5 in Earth Magic
   782 | D:3      | Found Gozag's Platinum Reserve.
   783 | D:3      | Found an opulent altar of Gozag.
   800 | D:3      | Became a worshipper of Gozag Ym Sagoz the Greedy
  1098 | D:4      | Noticed a black bear
  1106 | D:4      | Killed a black bear
  1107 | D:4      | Reached skill level 6 in Earth Magic
  1107 | D:4      | Reached XP level 5. HP: 5/38 MP: 4/12
  1107 | D:4      | Reached XP level 6. HP: 7/45 MP: 4/13
  1110 | D:4      | Learned a level 2 spell: Passwall
  1114 | D:4      | Learned a level 3 spell: Stone Arrow
  1189 | D:4      | Found a shadowy altar of Dithmenos.
  1198 | D:4      | Noticed an ogre
  1203 | D:4      | Killed an ogre
  1204 | D:4      | Reached skill level 1 in Conjurations
  1223 | D:4      | Reached skill level 7 in Earth Magic
  1223 | D:4      | Reached XP level 7. HP: 43/50 MP: 9/15
  1241 | D:4      | Noticed Eustachio
  1269 | D:4      | Killed Eustachio
  1270 | D:4      | Reached skill level 5 in Spellcasting
  1323 | D:5      | Entered Level 5 of the Dungeon
  1341 | D:5      | Found a sacrificial altar of Ru.
  1371 | D:5      | Reached skill level 8 in Earth Magic
  1371 | D:5      | Reached XP level 8. HP: 57/57 MP: 13/17
  1524 | D:5      | Identified the +3 leather armour of an ossuary {Regen+
                  | Int+2}
  1623 | D:6      | Reached skill level 9 in Earth Magic
  1651 | D:6      | Reached skill level 1 in Fighting
  1682 | D:6      | Gained mutation: You passively map the area around you.
                  | [Meteoran growth]
  1682 | D:6      | Reached XP level 9. HP: 57/67 MP: 17/20
  1699 | D:6      | Found a radiant altar of Vehumet.
  1759 | D:6      | Found a staircase to the Ecumenical Temple.
  1789 | D:6      | Reached skill level 10 in Earth Magic
  2273 | D:7      | Learned a level 4 spell: Petrify
  2310 | D:8      | Reached skill level 1 in Maces & Flails
  2404 | D:8      | Found an ancient bone altar of Kikubaaqudgha.
  2490 | D:8      | Reached XP level 10. HP: 80/80 MP: 22/22
  2539 | D:8      | Found a sparkling altar of Nemelex Xobeh.
  2564 | D:8      | Reached skill level 5 in Fighting
  2564 | D:8      | Reached skill level 5 in Maces & Flails
  2576 | D:8      | Reached skill level 5 in Dodging
  2717 | D:9      | Noticed a two-headed ogre
  2722 | D:9      | Killed a two-headed ogre
  2783 | D:9      | Found a flagged portal.
  2785 | D:9      | Noticed a two-headed ogre
  2795 | D:9      | Killed a two-headed ogre
  2796 | D:9      | Reached XP level 11. HP: 91/91 MP: 17/23
  2825 | Bailey   | Entered a bailey
  2831 | Bailey   | Noticed an orc warlord
  2921 | Bailey   | Found a runed translucent gate.
  2934 | Bailey   | Found a runed translucent gate.
  2939 | Bailey   | Found a runed translucent gate.
  3020 | Bailey   | Slain by an orc warlord

Illustrated notes

Levels and vault maps discovered:
D:1:      shiori_arrival_oz, layout_basic, serial_shops, shop, kennysheep_boxes
D:2:      layout_basic, kennysheep_donut,
          nicolae_concentric_dashed_squares_wild, hangedman_decor_lopped,
          cheibrodos_gnoll_hut
D:3:      layout_basic, nicolae_gozag_zags_fifth_avenue,
          amcnicky_mini_pool_small, minmay_rat_hole
D:4:      layout_basic, grunt_dithmenos_smoke_and_mirrors, uniq_eustachio
D:5:      layout_gridville, nicolae_ru_great_annihilating_truth,
          mainiacjoe_overflow_cross_hatched, serial_undead, serial_undead_c,
          serial_undead_c, serial_undead_a, serial_undead_c, serial_undead_e,
          minmay_misc_feat_cross, lemuel_flamethrower_2
D:6:      layout_basic, vehumet_statue, minmay_temple_entry_arrows
D:7:      layout_basic, lemuel_tele_altar
D:8:      cheibrodos_iron_armory, layout_cave_pools,
          nemelex_xobeh_ov_fountains_minmay, kiku_gazebo_garden_becter,
          dpeg_oklobed_lair, nrook_campfire, minmay_misc_feat_ornament,
          grunt_ministairs_12
D:9:      layout_basic, kennysheep_okawaru_gauntlet,
          amethyst_overflow_temple_binary, serial_shops, kennysheep_mini,
          enter_bailey_5, uniq_prince_ribbit1
Bailey:   bailey_axe_bossmonster_kennysheep, bailey

Skill      XL: |  1  2  3  4  5  6  7  8  9 10 11 |
---------------+----------------------------------+-----
Earth Magic    | 4 6 7 8 9 10 | 10.9
Spellcasting   | 3 4 5 6 7 |  7.8
Conjurations   | 1 3 4 |  4.0
Fighting       | 1 4 6 |  6.6
Maces & Flails | 3 8 9 |  9.1
Dodging        | 3 6 |  6.4
Shields        | 2 3 |  3.1
Stealth        | |  1.4
Transmutations | |  1.2

Action                     |  1- 3 |  4- 6 |  7- 9 | 10-12 || total
---------------------------+-------+-------+-------+-------++-------
  Melee: Flail             |       |       |       |     9 ||     9
   Cast: Sandblast         |    24 |    44 |   116 |    51 ||   235
         Stone Arrow       |       |     2 |     5 |    36 ||    43
         Petrify           |       |       |       |     2 ||     2
    Use: Scroll            |       |       |       |    12 ||    12
         Potion            |       |       |       |     1 ||     1
 Armour: Robe              |       |    10 |     3 |       ||    13
         Leather armour    |       |       |    11 |    14 ||    25
  Dodge: Dodged            |       |    12 |    29 |    27 ||    68
  Block: Kite shield       |       |       |       |    27 ||    27

Table legend: (Time is in decaauts)
 A = Elapsed time spent in this place.
 B = Non-inter-level travel time spent in this place.
 C = Inter-level travel time spent in this place.
 D = Time resting spent in this place.
 E = Time spent auto-exploring this place.
 F = Levels seen in this place.
 G = Mean time per level.
                   A        B        C        D        E       F      G
               +--------+--------+--------+--------+--------+-----+--------+
         Total |   3135 |   3013 |    122 |      0 |   1845 |  10 |  313.5 |
       Dungeon |   2931 |   2809 |    122 |      0 |   1841 |   9 |  325.7 |
        Bailey |    204 |    204 |      0 |      0 |      4 |   1 |  204.0 |
               +--------+--------+--------+--------+--------+-----+--------+

Top non-repeatable levels by time:
     D:1: 425 daAuts
     D:7: 367 daAuts
     D:8: 366 daAuts
     D:6: 361 daAuts
     D:2: 339 daAuts
     D:3: 316 daAuts
     D:4: 287 daAuts
     D:5: 276 daAuts
  Bailey: 204 daAuts
     D:9: 190 daAuts
